 Dungeon Crawl Stone Soup version 0.29.1-2-gbd0b4ee654 (webtiles) character file.

Game seed: 18399405685661374607

3701 Zdar78 the Severer (level 9, 0/71 HPs)
             Began as a Minotaur Berserker on Nov 28, 2022.
             Was a Believer of Trog.
             Slain by an orc warrior
             ... wielding a +0 hand axe
              (13 damage)
             ... on level 9 of the Dungeon.
             The game lasted 00:32:25 (8735 turns).

Zdar78 the Severer (Minotaur Berserker)             Turns: 8735, Time: 00:32:25

Health: 0/71       AC:  9    Str: 26    XL:     9   Next: 91%
Magic:  8/8        EV: 12    Int:  4    God:    Trog [**....]
Gold:   290        SH:  0    Dex: 10    Spells: 8/8 levels left

rFire   . . .      SeeInvis +   g - +0 war axe
rCold   . . .      Faith    .   (no shield)
rNeg    . . .      Spirit   .   l - +0 acid dragon scales
rPois   .          Reflect  .   (helmet restricted)
rElec   .          Harm     .   E - +0 cloak
rCorr   +          Rampage  .   I - +0 pair of gloves
Will    ++...                   (no boots)
Stlth   +.........              (no amulet)
HPRegen 1.21/turn               u - ring of see invisible
MPRegen 0.11/turn               (no ring)

@: mighty, strong-willed, on berserk cooldown, regenerating, slowed, very slow
A: horns 2, retaliatory headbutt
a: Renounce Religion, Berserk, Trog's Hand


You were on level 9 of the Dungeon.
You worshipped Trog.
Trog was pleased with you.
You visited 2 branches of the dungeon, and saw 10 of its levels.

You collected 290 gold pieces.

Inventory:

Hand Weapons
 a - a +0 hand axe
 g - a +0 war axe (weapon)
 k - a +0 sling
 r - the +4 mace of Earthquakes {vorpal, rPois rF+ Will-}
   (You found it on level 3 of the Dungeon)

   It inflicts extra damage upon your enemies.
   rF:        It protects you from fire.
   rPois:     It protects you from poison.
   Will:      It decreases your willpower.
 D - a +4 quarterstaff of chaos
 F - a +0 hammer of protection
 G - a +0 hand axe of electrocution
Missiles
 h - 31 poisoned darts (quivered)
 n - 60 stones
 B - 3 atropa-tipped darts
 Q - a throwing net
 R - 3 boomerangs
Armour
 b - a +0 animal skin
 i - a +0 leather armour
 l - +0 acid dragon scales (worn)
 o - an orb of wrath
 p - a +0 chain mail
 A - a +0 ring mail
 E - a +0 cloak (worn)
 I - a +0 pair of gloves (worn)
 S - a +0 plate armour
Jewellery
 u - a ring of see invisible (left hand)
 M - a ring of wizardry
 O - an amulet of the acrobat
 P - a +6 ring of intelligence
Wands
 j - a wand of iceblast (14)
 y - a wand of quicksilver (9)
 N - a wand of digging (6)
Scrolls
 f - 3 scrolls of noise
 q - 4 scrolls of enchant armour
 s - a scroll of blinking {unknown}
 t - 4 scrolls of teleportation
 v - a scroll of enchant weapon {unknown}
 x - a scroll of vulnerability {unknown}
 J - 2 scrolls of fear
Potions
 c - 3 potions of flight
 d - 3 potions of might
 e - 4 potions of curing
 m - 2 potions of cancellation
 w - 2 potions of brilliance
 z - a potion of degeneration
 C - 2 potions of mutation
 H - a potion of magic {unknown}
 K - a potion of ambrosia


   Skills:
 + Level 4.2 Fighting
 + Level 16.4 Axes
 + Level 3.2 Armour
 + Level 3.0 Dodging
 + Level 0.9 Evocations


You had 8 spell levels left.
You didn't know any spells.
Your spell library was empty.

Dungeon Overview and Level Annotations

Branches:
Dungeon (9/15)             Temple (1/1) D:7
   Lair: D:8-11         Orc: D:9-12

Altars:
Ashenzari
Cheibriados
Dithmenos
Elyvilon
Fedhas
Gozag
Hepliaklqana
Kikubaaqudgha
Makhleb
Nemelex Xobeh
Okawaru
Qazlal
Sif Muna
Trog
Uskayaw
Vehumet
Wu Jian
Xom
Yredelemnul
Zin
The Shining One

Shops:
D:9 [


Innate Abilities, Weirdness & Mutations

You have a pair of horns on your head.
You reflexively headbutt those who attack you in melee.


Message History

Things that are here:
a +6 spear of venom; a +0 scale mail You are too berserk!
You feel a strong urge to attack something.
You feel sick.
You are no longer berserk.
You are exhausted.
You feel yourself slow down.
You feel sick.
You feel very sick.
You feel better.
You feel much better. The gnoll completely misses you.
The gnoll hits you from afar with a +0 spear.
The gnoll misses you.
Okay, then.
You feel very mighty all of a sudden. The gnoll hits you but does no damage.
The gnoll hits you from afar with a +0 spear.
You slice the gnoll!!
You kill the gnoll!
Trog accepts your kill. The gnoll barely misses you.
The orc warrior shoots a bolt.
The bolt hits you!
* * * LOW HITPOINT WARNING * * *
A wight comes into view. It is wielding a +5 great sword.
The gnoll hits you but does no damage.
The orc warrior unwields a +0 arbalest.
The orc warrior wields a +0 hand axe.
The orc warrior hits you with a +0 hand axe!
* * * LOW HITPOINT WARNING * * *
The orc wizard casts a spell.
The orc wizard flickers and vanishes for a moment.
The gnoll hits you with a +0 spear.
* * * LOW HITPOINT WARNING * * *
Things that are here:
a +0 whip; a gnoll corpse You closely miss the gnoll.
You headbutt the gnoll!
You kill the gnoll!
Trog accepts your kill.
You slash the orc warrior! The orc warrior misses you.
You closely miss the orc wizard. You closely miss the orc warrior.
The orc warrior hits you with a +0 hand axe!
You die...

##.. ##..# ##..
#... ##...##....
###..##!.........
...8.<.∩.8.......
#...............
#.............
#......z..$.g.
#..ooo..#
###@#))## #.##)#
#.##)# #.##.##
#.##oo# #.$.#.#
###. ..# ## #o#
..


You could see an orc warrior, a wight, an orc priest and an orc wizard
(invisible).

Vanquished Creatures
  A two-headed ogre (D:7)
  Maggie (D:6)
  An unseen horror (D:6)
  Menkaure (D:6)
  A water moccasin (D:7)
  2 orc warriors
  4 black bears
  3 centaurs
  2 ogres
  The ghost of TowerOfEmptiness the Grave Robber, an amateur DsNe (D:3)
  A kobold brigand (D:7)
  A necrophage (D:4)
  A gnoll sergeant (D:9)
  3 scorpions
  4 wights (D:7)
  Crazy Yiuf (D:4)
  4 gnoll boudas
  2 orc priests
  A jelly (D:6)
  2 iguanas (D:6)
  5 orc wizards
  18 gnolls
  7 adders
  A shadow imp (D:6)
  A white imp (D:6)
  An ufetubus (D:6)
  2 worms
  2 dart slugs
  21 orcs
  9 ball pythons
  3 endoplasms
  3 giant cockroaches (D:4)
  7 hobgoblins
  5 jackals
  4 quokkas
  6 bats
  A frilled lizard (D:2)
  5 goblins
  7 kobolds
  4 rats
149 creatures vanquished.

Vanquished Creatures (others)
  An orc wizard (D:9)
  A fungus (D:4)
  10 plants
12 creatures vanquished.

Grand Total: 161 creatures vanquished

Notes
Turn   | Place    | Note
-------+----------+-------------------------------------------
     0 | D:1      | Zdar78 the Minotaur Berserker began the quest for the Orb.
     0 | D:1      | Reached XP level 1. HP: 19/19 MP: 0/0
   479 | D:1      | Reached XP level 2. HP: 7/27 MP: 1/1
   727 | D:1      | Reached skill level 4 in Axes
  1145 | D:2      | Found a faded altar of an unknown god.
  1336 | D:2      | Reached XP level 3. HP: 33/33 MP: 2/2
  1513 | D:2      | Reached ** piety under Trog
  2152 | D:3      | Identified the +4 mace of Earthquakes {vorpal, rPois rF+
                  | Will-}
  2226 | D:3      | Reached skill level 5 in Axes
  2287 | D:3      | Found a glowing silver altar of Zin.
  2308 | D:3      | Found a snail-covered altar of Cheibriados.
  2702 | D:3      | Reached XP level 4. HP: 40/40 MP: 3/3
  2716 | D:3      | Found a runed translucent gate.
  2716 | D:3      | Found a runed translucent gate.
  2716 | D:3      | Noticed TowerOfEmptiness's ghost (amateur DsNe)
  2717 | D:3      | Found a runed translucent gate.
  3147 | D:4      | Noticed an ogre
  3155 | D:4      | Killed an ogre
  3156 | D:4      | Reached skill level 6 in Axes
  3156 | D:4      | Reached XP level 5. HP: 46/46 MP: 4/4
  3227 | D:3      | Killed TowerOfEmptiness's ghost
  3228 | D:3      | Reached skill level 7 in Axes
  3439 | D:4      | Reached skill level 8 in Axes
  3439 | D:4      | Reached XP level 6. HP: 44/52 MP: 5/5
  3708 | D:4      | Reached skill level 9 in Axes
  3912 | D:4      | Found a runed translucent door.
  3913 | D:4      | Noticed Crazy Yiuf
  3973 | D:4      | Killed Crazy Yiuf
  4095 | D:5      | Entered Level 5 of the Dungeon
  4111 | D:5      | Reached XP level 7. HP: 54/58 MP: 6/6
  4636 | D:5      | Reached skill level 10 in Axes
  5339 | D:6      | Noticed Maggie
  5623 | D:6      | Killed Maggie
  5624 | D:6      | Reached skill level 11 in Axes
  5624 | D:6      | Reached XP level 8. HP: 66/66 MP: 7/7
  5700 | D:6      | Noticed Menkaure
  5898 | D:6      | Noticed an unseen horror
  6064 | D:6      | Killed an unseen horror
  6065 | D:6      | Reached skill level 12 in Axes
  6353 | D:6      | Reached skill level 13 in Axes
  6588 | D:6      | Found a white marble altar of Elyvilon.
  7007 | D:6      | Found a shadowy altar of Dithmenos.
  7152 | D:6      | Killed Menkaure
  7484 | D:7      | Reached skill level 14 in Axes
  7484 | D:7      | Reached XP level 9. HP: 54/71 MP: 8/8
  8116 | D:7      | Noticed a two-headed ogre
  8125 | D:7      | Killed a two-headed ogre
  8126 | D:7      | Reached skill level 15 in Axes
  8333 | D:7      | Reached skill level 16 in Axes
  8535 | D:7      | Found a staircase to the Ecumenical Temple.
  8545 | Temple   | Entered the Ecumenical Temple
  8703 | D:8      | You fall into a shaft and drop 1 floor!
  8703 | D:9      | Found Isagg's Antique Armour Emporium.
  8735 | D:9      | Slain by an orc warrior

Illustrated notes

Levels and vault maps discovered:
D:1:      lemuel_arrival_rhombus, layout_basic, fountainhead
D:2:      layout_basic, shapermc_ecumenical_altar_rom_forum,
          cheibrodos_gnoll_hut
D:3:      layout_loops_ring, mainiacjoe_overflow_catch_the_wave,
          ebering_ghost_rock_garden, kennysheep_another_room, minmay_between
D:4:      layout_rooms, minmay_cupped, uniq_crazy_yiuf_cottage
D:5:      layout_loops_ring, serial_bayou_pond_b
D:6:      layout_loops_ring, nicolae_elyvilon_temple_path,
          nicolae_overflow_hidden_temple, minmay_chambers_of_fives,
          uniq_menkaure, uniq_maggie
D:7:      layout_cave_pools, minmay_temple_entry_poolview,
          minmay_tree_intersection
D:8:      layout_gridville, water_maze_lemuel, uniq_psyche
D:9:      layout_rooms, serial_shops, shop_statue, lemuel_flamethrower_2,
          uniq_gastronok
Temple:   sentei_temple_godly_chess

Skill      XL: |  1  2  3  4  5  6  7  8  9 |
---------------+----------------------------+-----
Axes           | 4 5 6 8 9 11 14 16 | 16.4
Fighting       | 4 |  4.2
Armour         | 3 |  3.2
Dodging        | 3 |  3.0
Evocations     | |  0.9

Action                   |  1- 3 |  4- 6 |  7- 9 || total
-------------------------+-------+-------+-------++-------
Melee: Hand axe          |    84 |    87 |     4 ||   175
       Headbutt          |     9 |    17 |    40 ||    66
       Punch             |     2 |     1 |     3 ||     6
       War axe           |       |       |   242 ||   242
Invok: Trog's Hand       |       |     3 |    13 ||    16
       Berserk           |       |     3 |     8 ||    11
  Use: Scroll            |       |     5 |     9 ||    14
       Potion            |       |       |     3 ||     3
Armor: Animal skin       |     2 |       |       ||     2
       Leather armour    |     9 |       |       ||     9
       Chain mail        |    13 |    20 |       ||    33
       Ring mail         |       |     6 |    20 ||    26
       Acid dragon scale |       |       |    69 ||    69
Dodge: Dodged            |    55 |    32 |   146 ||   233
